 Dungeon Crawl Stone Soup version bcrawl-1.21.2-1-g32d02e0829 (webtiles) character file.

Game seed: 4163582478552922399

1921 Mrkan the Basher (level 8, -7/73 HPs)
             Began as a Minotaur Fighter on Feb 18, 2020.
             Was a Believer of Wu Jian.
             Mangled by a wight
             ... wielding a +0 flail
              (10 damage)
             ... while paralysed
             ... on level 6 of the Dungeon.
             The game lasted 00:10:13 (6988 turns).

Mrkan the Basher (Minotaur Fighter)                 Turns: 6988, Time: 00:10:13

Health: -7/73      AC: 12    Str: 20    XL:     8   Next: 96%
Magic:  7/7        EV:  2    Int:  5    God:    Wu Jian [**....]
Gold:   322        SH:  0    Dex: 13    Spells: 7/7 levels left

rFire    . . .     SeeInvis .   a - +0 flail
rCold    . . .     Gourm    .   c - +0 shield
rNeg     . . .     Faith    .   u - +0 plate armour
rPois    .         Spirit   .   (helmet restricted)
rElec    .         Reflect  .   j - scarf {cloud immunity}
rCorr    .         Harm     .   (no gloves)
MR       .....                  (no boots)
Stlth    ..........             (no amulet)
HPRegen  0.22/turn              (no ring)
MPRegen  0.10/turn              (no ring)

@: paralysed, fainting, heavily drained
A: retaliatory headbutt, horns 2
a: Wall Jump, Serpent's Lash, Renounce Religion


You were on level 6 of the Dungeon.
You worshipped Wu Jian.
Wu Jian was pleased with you.
You were fainting.

You visited 1 branch of the dungeon, and saw 7 of its levels.
You also visited: Ossuary.

You collected 322 gold pieces.

Inventory:

Hand Weapons
 a - a +0 flail (weapon)
Armour
 b - a +0 scale mail
 c - a +0 shield (worn)
 j - a scarf of cloud immunity (worn)
 u - a +0 plate armour (worn)
 w - a +0 pair of gloves
 C - a +0 pair of boots
Jewellery
 p - a +3 ring of evasion {unknown}
 q - an uncursed amulet of faith {unknown}
Scrolls
 f - 4 scrolls of enchant armour {unknown}
 g - 8 scrolls of identify {unknown}
 i - 3 scrolls of enchant weapon {unknown}
 k - 2 scrolls of blinking {unknown}
 m - a scroll of teleportation {unknown}
 n - 2 scrolls of remove curse {unknown}
 s - a scroll of magic mapping {unknown}
 v - 2 scrolls of noise {unknown}
 x - a scroll of fog {unknown}
 y - a scroll of immolation {unknown}
 D - a scroll of amnesia {unknown}
Potions
 d - 3 potions of might
 h - 6 potions of flight {unknown}
 l - 3 potions of lignification {unknown}
 o - 8 potions of curing
 r - 2 potions of agility {unknown}
 t - a potion of resistance {unknown}
 z - 2 potions of ambrosia {unknown}
 A - 5 potions of degeneration {unknown}
 B - 2 potions of mutation {unknown}
Comestibles
 e - 6 rations {!d}


   Skills:
 + Level 7.2(5.0) Fighting
 * Level 9.2(6.9) Maces & Flails
 + Level 7.2(5.0) Armour
 + Level 7.1(5.0) Shields


You had 7 spell levels left.
You didn't know any spells.
Your spell library contained the following spells:

 Spells                   Type           Power        Failure   Level  Hunger
 Sting                    Conj/Pois      #...         100%        1    ##.....
 Poisonous Vapours        Pois/Air       #.....       100%        2    ###....
 Ignite Poison            Fire/Tmut/Pois #.......     100%        3    ####...
 Olgreb's Toxic Radiance  Pois           #.......     100%        4    #####..
 Summon Scorpions         Summ/Pois      #.......     100%        4    #####..
 Venom Bolt               Conj/Pois      #.........   100%        5    ######.


Dungeon Overview and Level Annotations

Branches:
Dungeon (7/12)
 Temple: D:4-7         Lair: D:7-9

Altars:
Elyvilon
Hepliaklqana
Lugonu
Makhleb
Qazlal
Ru
Wu Jian
Xom


Innate Abilities, Weirdness & Mutations

You reflexively headbutt those who attack you in melee.
You have a pair of horns on your head.


Message History

The quokka bites you but does no damage.
The quokka twitches its whiskers.
The quokka bites you but does no damage.
The wight hits you but does no damage.
There is an escape hatch in the ceiling here.
The bullfrog barely misses you. A mysterious force pulls you upwards.
The hatch slams shut behind you.
You lose consciousness!
The wight hits you with a +0 flail.
* * * LOW HITPOINT WARNING * * *
You feel drained. The wight hits you with a +0 flail.
* * * LOW HITPOINT WARNING * * *
The wight hits you but does no damage. The wight hits you with a +0 flail.
* * * LOW HITPOINT WARNING * * *
The wight hits you with a +0 flail.
* * * LOW HITPOINT WARNING * * *
The wight hits you with a +0 flail!
You die...

#.# #.# #..#.......#..
#.##### #.# ######.....#..
......# ##.#######
#..#..... #.###.#
##........# #..#..... #.#
#.#
#.....###.############...
#.###.####...............#
#..#
#..........#..###.########
#..# #####.####....###z#
#### #.# ##.....@>#
#####.# ######### ......#
#######


You could see a wight.

Vanquished Creatures
  Prince Ribbit (D:6)
  Eustachio (D:4)
  An ice beast (D:6)
  2 ogres
  A sky beast (D:5)
  A necrophage (D:6)
  2 bullfrogs
  A centaur zombie (Ossuary)
  2 crimson imps (D:5)
  A jelly (D:4)
  A hound (D:7)
  A human zombie (Ossuary)
  A centaur skeleton (D:6)
  An orc priest (D:5)
  3 orc wizards
  A gnoll shaman (D:3)
  2 iguanas
  Natasha (thrice) (D:4)
  4 worker ants
  3 big kobold zombies (Ossuary)
  A hound zombie (D:6)
  A hound skeleton (D:4)
  3 mummies (Ossuary)
  7 gnolls
  11 adders
  A shadow imp (D:6)
  3 oozes (D:3)
  2 adder skeletons (D:4)
  4 worms (D:3)
  3 dart slugs
  6 leopard geckos
  6 orcs
  5 bats
  2 giant cockroaches (D:1)
  6 goblins
  7 hobgoblins
  7 jackals
  4 kobolds
  4 quokkas
  A ball python (D:3)
  4 frilled lizards (D:1)
  2 goblin zombies
  A jackal skeleton (D:4)
  A jackal zombie (D:6)
  A kobold zombie (Ossuary)
  An orc zombie (Ossuary)
  5 rats
  A rat zombie (D:5)
133 creatures vanquished.

Notes
Turn   | Place    | Note
-------+----------+-------------------------------------------
     0 | D:1      | Mrkan the Minotaur Fighter began the quest for the Orb.
     0 | D:1      | Reached XP level 1. HP: 19/19 MP: 0/0
   350 | D:1      | Reached XP level 2. HP: 27/27 MP: 1/1
   398 | D:1      | Reached skill level 3 in Maces & Flails
  1220 | D:2      | Reached XP level 3. HP: 31/33 MP: 2/2
  1224 | D:2      | Found an ornate altar of the Wu Jian Council.
  1254 | D:2      | Became a worshipper of the Wu Jian Council
  1298 | D:2      | Found a shimmering altar of Xom.
  1712 | D:2      | Found a hazy altar of Hepliaklqana.
  1713 | D:2      | Found a burning altar of Makhleb.
  2079 | D:3      | Reached XP level 4. HP: 14/40 MP: 3/3
  2116 | D:3      | HP: 1/40 [worm (9)]
  2415 | D:3      | Reached skill level 4 in Maces & Flails
  2713 | D:3      | Reached XP level 5. HP: 47/47 MP: 4/4
  2750 | D:3      | Reached * piety under Wu Jian
  2885 | D:3      | Found a faded altar of an unknown god.
  3250 | D:4      | Noticed Eustachio
  3360 | D:3      | Reached skill level 5 in Maces & Flails
  3963 | D:4      | Reached XP level 6. HP: 47/55 MP: 5/5
  3979 | D:4      | Killed Eustachio
  3979 | D:4      | Reached skill level 5 in Fighting
  3979 | D:4      | Reached skill level 5 in Armour
  3979 | D:4      | Reached skill level 5 in Shields
  4193 | D:4      | Noticed Natasha
  4207 | D:4      | Killed Natasha
  4207 | D:4      | Reached skill level 6 in Maces & Flails
  4217 | D:4      | Noticed Natasha
  4230 | D:4      | Killed Natasha
  4230 | D:4      | Reached XP level 7. HP: 44/61 MP: 6/6
  4518 | D:4      | Noticed Natasha
  4526 | D:4      | Killed Natasha
  4664 | D:5      | Entered Level 5 of the Dungeon
  4798 | D:5      | Reached ** piety under Wu Jian
  4912 | D:5      | Found a sand-covered staircase.
  4920 | Ossuary  | Entered an ossuary
  5022 | Ossuary  | Reached skill level 7 in Maces & Flails
  5223 | D:5      | Reached XP level 8. HP: 38/70 MP: 7/7
  5627 | D:5      | Found a sacrificial altar of Ru.
  5873 | D:6      | Reached skill level 8 in Maces & Flails
  6122 | D:6      | Found a white marble altar of Elyvilon.
  6237 | D:6      | Noticed Prince Ribbit
  6245 | D:6      | Killed Prince Ribbit
  6266 | D:6      | Reached skill level 9 in Maces & Flails
  6349 | D:6      | Reached *** piety under Wu Jian
  6453 | D:6      | Found a corrupted altar of Lugonu.
  6848 | D:6      | Found a stormy altar of Qazlal.
  6973 | D:7      | HP: 3/73 [wight/+0 falchion (4)]
  6973 | D:7      | HP: 1/73 [wight/+0 falchion (2)]
  6981 | D:6      | Paralysed by fainting for 8 turns
  6986 | D:6      | HP: 2/73 [wight/+0 flail (3)]
  6988 | D:6      | Mangled by a wight

Skill      XL: |  1  2  3  4  5  6  7  8 |
---------------+-------------------------+-----
Maces & Flails | 3 4 5 6 7 9 |  9.2
Armour         | 4 5 6 7 |  7.2
Fighting       | 4 5 6 7 |  7.2
Shields        | 4 5 6 7 |  7.1

Action                   |  1- 3 |  4- 6 |  7- 9 || total
-------------------------+-------+-------+-------++-------
Melee: Flail             |   131 |   182 |   300 ||   613
       Headbutt          |    15 |    31 |    61 ||   107
Invok: Lunge             |     4 |    11 |     7 ||    22
       Whirlwind         |     1 |    24 |    29 ||    54
  Use: Potion            |       |       |     2 ||     2
  Eat: Chunk             |     4 |     7 |     8 ||    19
       Ration            |       |       |     3 ||     3
Armor: Scale mail        |    48 |    34 |       ||    82
       Plate armour      |       |   137 |   177 ||   314
Dodge: Dodged            |    49 |    58 |    46 ||   153
Block: Shield            |    80 |   122 |   155 ||   357
